 Dungeon Crawl Stone Soup version 0.28-a0-1234-g826d19b2e0 (webtiles) character file.

Game seed: 383732153426025251

145671 Htamos the Rapturous (level 17, -1/156 HPs)
             Began as a Hill Orc Fighter on Dec 24, 2021.
             Was a Believer of Uskayaw.
             Slain by a deep elf knight (10 damage)
             ... on level 1 of the Elven Halls.
             The game lasted 01:26:36 (43643 turns).

Htamos the Rapturous (Hill Orc Fighter)            Turns: 43643, Time: 01:26:37

Health: -1/156     AC: 35    Str: 27    XL:     17   Next: 13%
Magic:  32/32      EV:  4    Int:  8    God:    Uskayaw [**....]
Gold:   818        SH: 19    Dex: 16    Spells: 16/16 levels left

rFire   . . .      SeeInvis .   n - +9 club (venom)
rCold   . . .      Faith    +   s - +0 tower shield
rNeg    . . .      Spirit   .   q - +5 crystal plate armour
rPois   .          Reflect  .   (no helmet)
rElec   .          Harm     .   U - +0 cloak
rCorr   .          Rampage  .   O - +1 pair of gloves
Will    +....                   c - +2 pair of boots
Stlth   ..........              Q - amulet of faith
HPRegen 0.36/turn               x - +6 ring of strength
MPRegen 0.23/turn               P - +4 ring of slaying

@: about to teleport, on berserk cooldown, invisible
A: no striking features
}: 1/15 runes: gossamer
a: Renounce Religion, Stomp, Line Pass


You were on level 1 of the Elven Halls.
You worshipped Uskayaw.
Uskayaw was greatly pleased with you.
You visited 6 branches of the dungeon, and saw 26 of its levels.
You also visited: Ossuary.

You collected 2575 gold pieces.
You spent 1757 gold pieces at shops.

Inventory:

Hand Weapons
 f - the +3 longbow "Ulaun" {vorpal, rElec rPois rC- Dex+7}
   (You found it on level 1 of the Spider Nest)

   Any ammunition fired from it inflicts extra damage upon your enemies.
   Dex:       It affects your dexterity (+7).
   rC:        It makes you vulnerable to cold.
   rElec:     It insulates you from electricity.
   rPois:     It protects you from poison.
 n - a +9 club of venom (weapon)
 L - a +2 scimitar of flaming
 N - the +10 trident "Vasm" {flame, Fly rPois Str+9 Dex-5}
   (You found it on level 9 of the Dungeon)

   It burns those it strikes, dealing additional fire damage.
   Str:       It affects your strength (+9).
   Dex:       It affects your dexterity (-5).
   rPois:     It protects you from poison.
   Fly:       It grants you flight.
Missiles
 G - 3 throwing nets (quivered)
 T - 4 curare-tipped darts
Armour
 c - a +2 pair of boots (worn)
 q - a +5 crystal plate armour (worn)
 s - a +0 tower shield (worn)
 O - a +1 pair of gloves (worn)
 S - a +2 scale mail of poison resistance
 U - a +0 cloak (worn)
Jewellery
 d - the ring of Xyrphio {Will+ Dex+3}
   (You found it on level 6 of the Lair of Beasts)

   [ring of willpower]

   Dex:       It affects your dexterity (+3).
   Will:      It increases your willpower.
 x - a +6 ring of strength (left hand)
 y - an amulet of regeneration
 C - the amulet "Yfue" {Spirit rC+ Will++ Int-5 Dex+4}
   (You found it on level 6 of the Lair of Beasts)

   [amulet of guardian spirit]

   It causes incoming damage to be divided between your reserves of health and
   magic.
   Int:       It affects your intelligence (-5).
   Dex:       It affects your dexterity (+4).
   rC:        It protects you from cold.
   Will:      It greatly increases your willpower.
 E - a ring of willpower
 J - a ring of protection from cold
 P - a +4 ring of slaying (right hand)
 Q - an amulet of faith (around neck)
Wands
 b - a wand of mindburst (3)
 m - a wand of flame (18)
 w - a wand of acid (4)
 z - a wand of digging (3)
 F - a wand of polymorph (12)
 I - a wand of charming (21)
Scrolls
 h - a scroll of enchant armour
 j - a scroll of identify {@rr}
 l - a scroll of holy word
 o - a scroll of teleportation
 A - 3 scrolls of magic mapping
 H - 4 scrolls of amnesia
 K - 3 scrolls of torment
 V - 2 scrolls of vulnerability
Potions
 e - 5 potions of mutation
 g - 3 potions of magic
 i - 5 potions of lignification {unknown}
 k - 2 potions of invisibility
 p - 5 potions of haste
 r - 5 potions of attraction
 t - 8 potions of cancellation {unknown}
 v - 5 potions of flight
 D - 2 potions of brilliance {unknown}
 R - 2 potions of resistance {unknown}
 W - 8 potions of ambrosia
 X - 2 potions of might
Miscellaneous
 Y - a condenser vane (inert)


   Skills:
 + Level 15.4 Fighting
 - Level 9.5(12.8) Axes
 + Level 11.6(12.6) Maces & Flails
 + Level 14.1 Armour
 + Level 14.2 Shields
 * Level 22.3 Invocations


You had 16 spell levels left.
You didn't know any spells.
Your spell library contained the following spells:

 Spells                   Type           Power      Damage    Failure   Level
 Freeze                   Ice            0%         1d3       100%        1
 Sandblast                Erth           0%         2d4       100%        1
 Corpse Rot               Necr/Air       0%         N/A       100%        2
 Passwall                 Tmut/Erth      0%         N/A       100%        2
 Poisonous Vapours        Pois/Air       0%         N/A       100%        2
 Frozen Ramparts          Ice            0%         1d2       100%        3
 Ignite Poison            Fire/Tmut/Pois 0%         N/A       100%        3
 Mephitic Cloud           Conj/Pois/Air  0%         N/A       100%        3
 Ozocubu's Armour         Ice            0%         N/A       100%        3
 Stone Arrow              Conj/Erth      0%         3d7       100%        3
 Swiftness                Air            0%         N/A       100%        3
 Animate Armour           Summ/Erth      0%         N/A       100%        4
 Hailstorm                Conj/Ice       0%         3d3       100%        4
 Freezing Cloud           Conj/Ice/Air   0%         6-21      100%        5
 Metabolic Englaciation   Hex/Ice        0%         N/A       100%        5
 Summon Forest            Summ/Tloc      0%         N/A       100%        5
 Summon Mana Viper        Hex/Summ       0%         N/A       100%        5
 Simulacrum               Ice/Necr       0%         N/A       100%        6
 Summon Cactus Giant      Summ           0%         N/A       100%        6
 Lehudib's Crystal Spear  Conj/Erth      0%         10d2      100%        8


Dungeon Overview and Level Annotations

Branches:
Dungeon (12/15)            Temple (1/1) D:5            Lair (6/6) D:10
  Swamp (0/4) Lair:4       Spider (4/4) Lair:4        Slime (0/5) Lair:6
    Orc (2/2) D:9             Elf (1/3) Orc:2       Ossuary (visited)

Altars:
Ashenzari
Cheibriados
Dithmenos
Elyvilon
Fedhas
Gozag
Hepliaklqana
Kikubaaqudgha
Makhleb
Nemelex Xobeh
Okawaru
Qazlal
Ru
Sif Muna
Trog
Uskayaw
Vehumet
Wu Jian
Xom
Yredelemnul
Zin
The Shining One
Jiyva

Shops:
D:1 [   D:6 *   D:11 *   Orc:1 [   Orc:2 **:[==

Portals:
Desolation: Elf:1

Annotations:
Lair:3 exclusion: downstairs
Lair:4 exclusion: 2 downstairs
Orc:2 2 transporters, makewrite's ghost, journeyman MiFi


Message History

You can no longer merge with and destroy a victim.
You start resting.
You feel sick. x2
You are no longer poisoned.
You hear the faint whistling of a wind.
You now have 818 gold pieces (gained 14).
You can no longer pass through a line of other dancers.
Found a crumbling gateway.
Found 18 gold pieces.
A deep elf zephyrmancer comes into view.
It is wielding a +0 long sword.
The deep elf zephyrmancer shouts!
You hear a shout!
You sock the deep elf zephyrmancer!
The deep elf zephyrmancer is poisoned.
The deep elf zephyrmancer is lightly wounded.
The deep elf zephyrmancer hits you but does no damage.
You sock the deep elf zephyrmancer!
The deep elf zephyrmancer looks as sick as possible!
The deep elf zephyrmancer is severely wounded.
You block the deep elf zephyrmancer's attack.
A deep elf knight comes into view. It is wielding a +0 short sword.
The deep elf zephyrmancer barely misses you.
You can now pass through a line of other dancers.
You bludgeon the deep elf zephyrmancer!!
You kill the deep elf zephyrmancer!
The deep elf knight gestures at you while chanting.
The shard of ice hits you!!
* * * LOW HITPOINT WARNING * * *
Unknown command.
Unknown command.
As you read the scroll of fear, it crumbles to dust.
You assume a fearsome visage.
The deep elf knight looks frightened!
The deep elf knight mumbles some strange words.
The deep elf knight flickers and vanishes!
Deactivating autopickup; reactivate with Ctrl-A.
Unknown command.
You fade into invisibility!
You feel yourself speed up.
Found 17 gold pieces.
You hear a shout!
As you read the scroll of teleportation, it crumbles to dust.
You feel strangely unstable. Something hits you!
You die...

*........,.....,,,...,***,,,,,,,*
*......#*.....,,,...,,* **,,,,,**
##....,**#...§***..,,+** **,,,**
....#+#* #.§#§,,§§#,...** ***+*
.().#.# #.§#§§§§§#..§..* *,*
....#.# ##§§#§.§§§§.§§..* *,*
....#†###§§..§§§§§#.....*****,*
....'....§..#.§§{.......+,,,,,*
....###.##..#§##@#...$.#***,***
...## #.##....§.......## *,* ..##
#^##...........## *,* #+#
#.####.#####..+# *,* *,* #.# #.#
*#..# *,* *,****#.#**#.#**
**#.#** *,*
,,,,,,...,,...,***,,..,****,****
*****,###**#..,,,,,,,.$,,,,,,,,*
*,* ##.#***,***,**,****,*


There were no monsters in sight!

Vanquished Creatures
  An orc warlord (Orc:1)
  An emperor scorpion (Spider:1)
  3 ghost moths
  4 entropy weavers
  4 spark wasps
  An ettin (D:9)
  Erolcha (D:9)
  8 hydras
  Erica (D:8)
  7 boulder beetles
  4 catoblepae
  An anaconda (Lair:5)
  9 death yaks
  5 two-headed ogres
  5 orc high priests (Orc:2)
  Urug (D:11)
  A bog body (Lair:4)
  3 orc sorcerers
  32 wolf spiders
  A deep elf pyromancer (Elf:1)
  24 orb spiders
  5 orc knights
  A deep elf zephyrmancer (Elf:1)
  2 manticores (Lair:6)
  A cyclops (Orc:2)
  2 oklob plants
  Maurice (Orc:2)
  9 black mambas
  3 moths of wrath
  A guardian serpent (Elf:1)
  8 elephants
  A gargoyle (D:11)
  5 torpor snails
  2 rime drakes
  12 cane toads
  12 komodo dragons
  Maggie (D:7)
  19 demonic crawlers
  2 polar bears
  46 jumping spiders
  2 trolls
  4 hornets
  3 saltlings (Elf:1)
  14 blink frogs
  3 wyverns
  A vampire (D:8)
  2 shadows (D:10)
  30 tarantellas
  44 redbacks
  2 wraiths
  3 basilisks
  32 yaks
  Edmund (D:4)
  3 wargs (Orc:2)
  2 hell hounds (Lair:1)
  An acid dragon (D:11)
  2 swamp worms (Lair:4)
  15 water moccasins
  Duvessa (D:4)
  44 orc warriors
  A sky beast (D:2)
  A hornet zombie (D:8)
  2 black bears
  A necrophage (D:4)
  10 ogres
  22 wolves
  5 centaurs
  2 kobold brigands
  10 bullfrogs
  A wyvern zombie (D:7)
  3 water moccasin zombies
  4 scorpions
  An earth elemental (Orc:2)
  Dowan (D:4)
  A water moccasin skeleton (D:5)
  3 killer bees (D:7)
  3 wights (D:7)
  A howler monkey (D:9)
  2 electric eels
  5 centaur zombies
  4 hounds
  3 centaur skeletons
  2 gnoll shamans
  9 jellies
  23 orc priests
  Ijyb (D:3)
  19 orc wizards
  3 iguanas
  2 mummies (Ossuary)
  2 howler monkey zombies
  14 gnolls
  12 adders
  3 white imps
  2 adder zombies (Ossuary)
  2 worms
  2 dart slugs
  82 orcs
  22 endoplasms
  6 goblins
  5 hobgoblins
  12 kobolds
  A quokka (D:1)
  8 ball pythons
  4 bats
  3 frilled lizards
  4 gnoll zombies (Ossuary)
  A goblin skeleton (D:3)
  2 goblin zombies (D:3)
  7 hobgoblin zombies
  8 kobold zombies
  4 orc skeletons (D:3)
  5 orc zombies (Ossuary)
  A quokka skeleton (D:4)
  3 rats (D:2)
819 creatures vanquished.

Vanquished Creatures (others)
  A jumping spider (Spider:2)
  A butterfly (D:4)
  46 fungi
  88 plants
136 creatures vanquished.

Grand Total: 955 creatures vanquished

Notes
Turn   | Place    | Note
-------+----------+-------------------------------------------
     0 | D:1      | Htamos the Hill Orc Fighter began the quest for the Orb.
     0 | D:1      | Reached XP level 1. HP: 19/19 MP: 1/1
    80 | D:1      | Found Yhyme's Armour Shop.
   173 | D:1      | Reached skill level 1 in Invocations
   254 | D:1      | Found a faded altar of an unknown god.
   299 | D:1      | Reached XP level 2. HP: 27/27 MP: 2/2
   786 | D:2      | Reached XP level 3. HP: 23/33 MP: 4/4
   942 | D:2      | Reached skill level 2 in Invocations
  1346 | D:2      | Reached XP level 4. HP: 40/40 MP: 5/5
  1549 | D:3      | Noticed a sky beast
  1911 | D:3      | Noticed Ijyb
  1926 | D:3      | Killed Ijyb
  1927 | D:3      | Reached skill level 3 in Invocations
  2287 | D:3      | Noticed a water moccasin
  2292 | D:3      | Killed a water moccasin
  2293 | D:3      | Reached skill level 4 in Invocations
  2293 | D:3      | Reached XP level 5. HP: 35/47 MP: 6/8
  2469 | D:3      | Found a glowing golden altar of the Shining One.
  2474 | D:3      | Reached XP level 6. HP: 45/53 MP: 9/9
  3203 | D:4      | Noticed a black bear
  3224 | D:4      | Killed a black bear
  3225 | D:4      | Reached skill level 5 in Invocations
  3245 | D:4      | Found a sand-covered staircase.
  3250 | Ossuary  | Entered an ossuary
  3398 | Ossuary  | Reached skill level 5 in Fighting
  3398 | Ossuary  | Reached XP level 7. HP: 61/61 MP: 9/11
  3708 | D:4      | Found a white marble altar of Elyvilon.
  3838 | D:4      | Found a basalt altar of Yredelemnul.
  3954 | D:4      | Noticed Duvessa
  3954 | D:4      | Noticed Dowan
  3960 | D:4      | Killed Duvessa
  3961 | D:4      | Reached skill level 5 in Axes
  3961 | D:4      | Reached skill level 6 in Invocations
  3969 | D:4      | Reached skill level 5 in Armour
  3973 | D:4      | Killed Dowan
  4328 | D:5      | Entered Level 5 of the Dungeon
  4328 | D:5      | Noticed Edmund
  4328 | D:5      | Found a radiant altar of Vehumet.
  4343 | D:4      | Killed Edmund
  4344 | D:4      | Reached skill level 5 in Shields
  4344 | D:4      | Reached XP level 8. HP: 33/69 MP: 12/12
  4632 | D:1      | Bought a +0 tower shield for 54 gold pieces
  4731 | D:4      | Reached skill level 7 in Invocations
  4970 | D:5      | Noticed a wraith
  4982 | D:5      | Killed a wraith
  4983 | D:5      | Reached skill level 8 in Invocations
  5042 | D:5      | Found a staircase to the Ecumenical Temple.
  5048 | Temple   | Entered the Ecumenical Temple
  5320 | D:5      | Reached XP level 9. HP: 52/78 MP: 15/15
  5685 | D:6      | Noticed a two-headed ogre
  5690 | D:6      | Killed a two-headed ogre
  5691 | D:6      | Reached skill level 9 in Invocations
  5753 | D:6      | Found Kietroje's Lightly-Used Armoury.
  5972 | D:7      | Identified the +1 robe "Rextec" {rN+ Will+ Str+4}
  6059 | D:7      | Found a hide-covered altar of Uskayaw.
  6066 | D:7      | Became a worshipper of Uskayaw the Reveller
  6076 | D:7      | Found an iron altar of Okawaru.
  6146 | D:7      | Reached * piety under Uskayaw
  6193 | D:6      | Reached skill level 10 in Invocations
  6237 | D:7      | Reached ** piety under Uskayaw
  6412 | D:7      | Reached XP level 10. HP: 86/88 MP: 17/17
  6632 | D:7      | Noticed Maggie
  6645 | D:7      | Killed Maggie
  7071 | D:8      | Reached *** piety under Uskayaw
  7175 | D:8      | Reached skill level 11 in Invocations
  7273 | D:8      | Noticed Erica
  7587 | D:8      | Killed Erica
  7658 | D:8      | Noticed a two-headed ogre
  7665 | D:8      | Killed a two-headed ogre
  7785 | D:8      | Found a sparkling altar of Nemelex Xobeh.
  7785 | D:8      | Found an opulent altar of Gozag.
  8025 | D:9      | Noticed a two-headed ogre
  8033 | D:9      | Killed a two-headed ogre
  8034 | D:9      | Reached skill level 12 in Invocations
  8075 | D:9      | Noticed Erolcha
  8166 | D:9      | Killed Erolcha
  8167 | D:9      | Reached XP level 11. HP: 82/97 MP: 20/20
  8241 | D:9      | Found a bloodstained altar of Trog.
  8425 | D:9      | Identified the +10 trident "Vasm" {flame, Fly rPois Str+9
                  | Dex-5}
  8696 | D:9      | Found a staircase to the Orcish Mines.
  8702 | Orc:1    | Entered Level 1 of the Orcish Mines
  8703 | Orc:1    | Noticed an orc knight
  8706 | Orc:1    | Noticed an orc sorcerer
  8721 | D:9      | Killed an orc sorcerer
  8792 | Orc:1    | Noticed an ettin
  8909 | D:10     | Entered Level 10 of the Dungeon
  8915 | D:10     | Reached skill level 13 in Invocations
  9106 | D:10     | Reached skill level 1 in Maces & Flails
  9158 | D:10     | Noticed an oklob plant
  9159 | D:10     | Found a staircase to the Lair.
  9326 | D:10     | Killed an oklob plant
  9455 | D:10     | Noticed a two-headed ogre
  9462 | D:10     | Killed a two-headed ogre
  9928 | D:11     | Noticed Urug
  9947 | D:11     | Killed Urug
 10327 | D:11     | Reached skill level 10 in Fighting
 10327 | D:11     | Reached skill level 14 in Invocations
 10407 | D:11     | Found Ygerr's Fire Supplies.
 10525 | D:11     | Reached XP level 12. HP: 99/106 MP: 22/22
 10660 | D:11     | Noticed a two-headed ogre
 10668 | D:11     | Killed a two-headed ogre
 10916 | D:12     | Noticed a four-headed hydra
 10973 | Lair:1   | Entered Level 1 of the Lair of Beasts
 11350 | Lair:1   | Reached **** piety under Uskayaw
 11357 | Lair:1   | Reached ***** piety under Uskayaw
 11381 | Lair:1   | Reached ****** piety under Uskayaw
 13059 | Lair:2   | Noticed a boulder beetle
 13083 | Lair:2   | Killed a boulder beetle
 13617 | Lair:3   | Reached skill level 15 in Invocations
 13679 | Lair:3   | Noticed a seven-headed hydra
 14676 | D:1      | Bought a +2 scale mail of poison resistance for 216 gold
                  | pieces
 15085 | Lair:3   | Reached skill level 5 in Maces & Flails
 15092 | Lair:3   | Reached skill level 10 in Armour
 15365 | Lair:3   | Killed a seven-headed hydra
 15495 | Lair:3   | Reached skill level 10 in Shields
 15666 | Lair:3   | Noticed a boulder beetle
 15689 | Lair:3   | Killed a boulder beetle
 16489 | Lair:3   | Reached XP level 13. HP: 47/116 MP: 24/24
 17292 | Lair:3   | Reached skill level 16 in Invocations
 17416 | Lair:4   | Found a staircase to the Swamp.
 18251 | Lair:4   | Found a hole to the Spider Nest.
 18624 | Lair:4   | Found a glowing golden altar of the Shining One.
 20123 | Lair:4   | Reached skill level 17 in Invocations
 21915 | Lair:5   | Reached XP level 14. HP: 44/127 MP: 26/26
 23009 | Lair:5   | Reached skill level 18 in Invocations
 23445 | Lair:6   | Entered Level 6 of the Lair of Beasts
 24582 | Lair:6   | Found a staircase to the Slime Pits.
 24582 | Lair:6   | Found a viscous altar of Jiyva.
 25679 | Lair:6   | Identified the +7 chain mail of Inquiry {*Slow rC+++ Str+2
                  | SInv}
 26947 | Lair:6   | Identified the amulet "Yfue" {Spirit rC+ Will++ Int-5
                  | Dex+4}
 26985 | Lair:6   | Identified the ring of Xyrphio {Will+ Dex+3}
 27486 | D:9      | Reached skill level 19 in Invocations
 27986 | Orc:2    | Entered Level 2 of the Orcish Mines
 27995 | Orc:2    | Found a staircase to the Elven Halls.
 27998 | Orc:2    | Found a transporter.
 28006 | Orc:2    | Found Vukkeife's Jewellery Emporium.
 28060 | Orc:2    | Noticed makewrite's ghost (journeyman MiFi)
 28330 | Orc:2    | Found a transporter.
 28398 | Orc:2    | Noticed Maurice
 28407 | Orc:1    | Noticed an orc warlord
 28407 | Orc:1    | Found a radiant altar of Vehumet.
 28424 | Orc:2    | Killed Maurice
 28679 | Orc:2    | Found Jam Ykk's Jewellery Shop.
 28716 | Orc:2    | Bought a +4 ring of slaying for 1248 gold pieces
 29257 | Orc:2    | Reached XP level 15. HP: 78/136 MP: 28/28
 30739 | Orc:2    | Found Lyutate's General Store.
 30739 | Orc:2    | Found Pyryi's Antique Armour Emporium.
 30740 | Orc:2    | Found Ycodes's Assorted Antiques.
 30740 | Orc:2    | Found Jumasit's Book Emporium.
 30748 | Orc:2    | Bought a scroll of enchant armour for 142 gold pieces
 30756 | Orc:2    | Bought a scroll of enchant weapon for 97 gold pieces
 31101 | Orc:1    | Found Hatipso's Antique Armour Emporium.
 31278 | Orc:1    | Killed an orc warlord
 31640 | Spider:1 | Entered Level 1 of the Spider Nest
 33082 | Lair:4   | Reached skill level 20 in Invocations
 34148 | Spider:1 | Identified the +3 longbow "Ulaun" {vorpal, rElec rPois rC-
                  | Dex+7}
 34732 | Spider:1 | Reached skill level 10 in Maces & Flails
 35005 | Spider:2 | Noticed an emperor scorpion
 35724 | Spider:1 | Killed an emperor scorpion
 36479 | Spider:2 | Reached XP level 16. HP: 93/147 MP: 30/30
 37531 | Spider:3 | Reached skill level 21 in Invocations
 38522 | Spider:4 | Entered Level 4 of the Spider Nest
 40750 | Spider:4 | Reached skill level 15 in Fighting
 41749 | Spider:4 | Reached skill level 22 in Invocations
 42315 | Spider:4 | Reached XP level 17. HP: 156/156 MP: 32/32
 43247 | Spider:4 | Got a gossamer rune of Zot
 43524 | Elf:1    | Entered Level 1 of the Elven Halls
 43633 | Elf:1    | Found a crumbling gateway.
 43638 | Elf:1    | HP: 6/156 [deep elf knight/shard of ice (34)]
 43643 | Elf:1    | Slain by a deep elf knight

Illustrated notes

Levels and vault maps discovered:
D:1:      ebering_hopf_link, layout_loops_ring,
          shapermc_ecumenical_altar_notcrosses, serial_shops,
          nicolae_square_shop
D:2:      layout_rooms
D:3:      layout_loops_ring, nicolae_tso_besieged_by_evil, grunt_ministairs_1,
          uniq_ijyb
D:4:      layout_loops_corners, kennysheep_mini,
          nicolae_elyvilon_peaceful_grove, enter_ossuary_2, serial_park_tiny_2,
          st_stairs_14, kennysheep_small_square, uniq_duvessa
D:5:      layout_cave_pools, lemuel_crystal_altar, minmay_temple_entry_fiery,
          uniq_edmund
D:6:      layout_cave_pools, minmay_shop_damaged, grunt_ministairs_1
D:7:      layout_basic, nicolae_uskayaw_dance_hall, pf_just_have_faith,
          uniq_maggie
D:8:      layout_loops_corners, grunt_temple_overflow_opulence,
          nzn_life_drinkers, uniq_erica
D:9:      layout_long_grid, trog_butcher_becter, orc_0_dummy, uniq_erolcha
D:10:     layout_roguey, dpeg_oklobed_lair
D:11:     layout_roguey, nicolae_shop_fire_sale [nicolae_sub_dead_trees],
          uniq_urug
D:12:     kennysheep_six_static_rooms, layout_basic, serial_bayou_lagoon_a
Temple:   nicolae_temple_figure_eight
Lair:1:   lemuel_slime, layout_small_grid, enter_volcano_3,
          serial_bayou_lagoon_b
Lair:2:   layout_small_grid, nicolae_quartered_pool_impasse, grunt_megastairs_1,
          infiniplex_staircase_pool_2
Lair:3:   layout_small_grid, nicolae_lair_run_with_the_wolves,
          grunt_megastairs_2
Lair:4:   layout_layer_cave, nicolae_swamp_entry_splash_gauntlet,
          spider_nest_entry_rubble, basic_altar, minivault_19,
          grunt_megastairs_5
Lair:5:   nzn_winding_woodlands_large [nzn_winding_woodlands_5x5_perimeter,
          nzn_winding_woodlands_5x15_river_crossing,
          nzn_winding_woodlands_5x5_three, nzn_winding_woodlands_center_garden,
          nzn_winding_woodlands_15x15_five_gardens,
          nzn_winding_woodlands_center_lodge, nzn_winding_woodlands_5x5_default,
          nzn_winding_woodlands_5x15_pathside_ponds,
          nzn_winding_woodlands_5x5_open_star], layout_regular_city
Lair:6:   evilmike_catoblepas_cave, layout_cave_pods, slime_altar_1
Spider:1: layout_spider_delve
Spider:2: layout_spider_delve
Spider:3: layout_spider_delve
Spider:4: grunt_spider_rune_island
Orc:1:    layout_diamond_mine, basic_altar, serial_shops, shop
Orc:2:    st_orc_pillars, layout_diamond_mine, serial_shops, shop,
          gammafunk_ghost_stat_death, minmay_shop_enchanted_jewellery,
          uniq_maurice
Elf:1:    layout_gridlike, serial_shops, shop,
          portal_desolation_entry_nicolae_nacl, kennysheep_underground_church

Skill      XL: |  1  2  3  4  5  6  7  8  9 10 11 12 13 14 15 16 |
---------------+-------------------------------------------------+-----
Invocations    | 1 2 4 5 6 8 10 12 14 15 17 19 20 22 | 22.3
Axes           | 3 4 5 6 7 9 |  9.5
Fighting       | 4 5 6 7 9 10 11 12 13 14 15 | 15.4
Armour         | 4 5 6 7 8 9 10 11 12 13 14 | 14.1
Shields        | 4 5 6 8 9 10 11 12 13 14 | 14.2
Maces & Flails | 3 5 7 9 10 11 | 11.6

Action                   |  1- 3 |  4- 6 |  7- 9 | 10-12 | 13-15 | 16-18 || total
-------------------------+-------+-------+-------+-------+-------+-------++-------
Melee: War axe           |    85 |    45 |       |       |       |       ||   130
       Club              |       |    79 |   207 |   587 |  1413 |   592 ||  2878
       Trident           |       |       |       |    27 |       |       ||    27
Invok: Stomp             |       |       |       |     1 |       |       ||     1
       Grand Finale      |       |       |       |       |     2 |       ||     2
Evoke: Wand              |       |       |     5 |    17 |    38 |     3 ||    63
       Condenser vane    |       |       |       |     1 |     3 |     2 ||     6
  Use: Scroll            |       |       |     7 |     6 |    21 |    10 ||    44
       Potion            |       |       |       |     4 |     8 |    18 ||    30
 Stab: Distracted        |       |       |     3 |     8 |    19 |       ||    30
       Paralysed         |       |       |       |    20 |    94 |    50 ||   164
       Confused          |       |       |       |       |     1 |     2 ||     3
Armor: Scale mail        |    41 |    34 |       |       |   169 |       ||   244
       Crystal plate arm |       |    24 |   113 |   358 |   783 |   733 ||  2011
Dodge: Dodged            |    39 |    32 |    19 |    73 |   199 |   127 ||   489
Block: Buckler           |    20 |    30 |    11 |       |       |       ||    61
       Tower shield      |       |       |   144 |   534 |  1329 |   783 ||  2790

Table legend: (Time is in decaauts)
 A = Elapsed time spent in this place.
 B = Non-inter-level travel time spent in this place.
 C = Inter-level travel time spent in this place.
 D = Time resting spent in this place.
 E = Time spent auto-exploring this place.
 F = Levels seen in this place.
 G = Mean time per level.
                   A        B        C        D        E       F      G
               +--------+--------+--------+--------+--------+-----+--------+
         Total |  44302 |  42353 |   1949 |  16349 |  16819 |  27 | 1640.8 |
       Dungeon |  11745 |  10835 |    910 |   1601 |   6668 |  12 |  978.8 |
        Temple |    221 |    212 |      9 |      0 |    207 |   1 |  221.0 |
          Lair |  18181 |  17492 |    689 |   6957 |   7521 |   6 | 3030.2 |
   Spider Nest |   9852 |   9610 |    242 |   5538 |   1726 |   4 | 2463.0 |
  Orcish Mines |   3877 |   3778 |     99 |   2188 |    626 |   2 | 1938.5 |
   Elven Halls |    114 |    114 |      0 |      3 |      0 |   1 |  114.0 |
       Ossuary |    308 |    308 |      0 |     62 |     69 |   1 |  308.0 |
               +--------+--------+--------+--------+--------+-----+--------+

Top non-repeatable levels by time:
  Lair:4: 5437 daAuts
Spider:3: 3980 daAuts
  Lair:5: 3295 daAuts
  Lair:2: 2837 daAuts
  Lair:6: 2767 daAuts
   Orc:2: 2765 daAuts
  Lair:3: 2429 daAuts
Spider:1: 2366 daAuts
Spider:4: 2081 daAuts
     D:9: 1759 daAuts
     D:4: 1505 daAuts
Spider:2: 1424 daAuts
  Lair:1: 1413 daAuts
     D:3: 1299 daAuts
    D:10: 1161 daAuts
